 Dungeon Crawl Stone Soup version 0.20-a0-820-g557356e (webtiles) character file.

71892 AlphabetPasta the Severer (level 15, -16/198 HPs)
             Began as a Hill Orc Berserker on Mar 2, 2017.
             Was a High Priest of Trog.
             Demolished by an ettin
             ... wielding a +3 dire flail of crushing
              (18 damage)
             ... on level 2 of the Orcish Mines on Mar 4, 2017.
             The game lasted 02:07:17 (20582 turns).

AlphabetPasta the Severer (Hill Orc Berserker)     Turns: 20582, Time: 02:07:18

Health: -16/198    AC: 24    Str: 28    XL:     15   Next: 38%
Magic:  20/20      EV: 14    Int:  7    God:    Trog [*****.]
Gold:   1230       SH:  0    Dex: 19    Spells: 14/14 levels left

rFire    . . .     SeeInvis .   a - +3 executioner's axe (flame)
rCold    . . .     Gourm    .   r - +0 plate armour
rNeg     . . .     Faith    .   (shield currently unavailable)
rPois    .         Spirit   .   R - +2 hat
rElec    .         Reflect  .   j - +1 cloak
rCorr    .         Harm     .   p - +0 pair of gloves
MR       ++...                  f - +1 pair of boots
Stlth    ..........             M - amulet of regeneration
Regen    0.9/turn               Y - ring of protection from magic
MPRegen  0.2/turn               K - +5 ring of dexterity

@: berserking, very quick
A: no striking features
a: Berserk, Trog's Hand, Brothers in Arms, Burn Spellbooks, Renounce Religion


You were on level 2 of the Orcish Mines.
You worshipped Trog.
Trog was extremely pleased with you.
You were very hungry.

You visited 3 branches of the dungeon, and saw 20 of its levels.
You also visited: Ossuary.

You collected 1595 gold pieces.
You spent 365 gold pieces at shops.

Inventory:

Hand Weapons
 a - a +3 executioner's axe of flaming (weapon)
 b - a +1 hand crossbow
 L - a +5 antimagic broad axe
Missiles
 m - 239 bolts
Armour
 f - a +1 pair of boots (worn)
 j - a +1 cloak (worn)
 p - a +0 pair of gloves (worn)
 r - a +0 plate armour (worn)
 R - a +2 hat (worn)
Jewellery
 i - an uncursed ring of protection from fire
 k - an uncursed amulet of magic regeneration {unknown}
 o - an uncursed amulet of faith {unknown}
 A - an uncursed ring of fire
 J - an uncursed ring of flight
 K - a +5 ring of dexterity (left hand)
 M - an amulet of regeneration (around neck)
 Y - a ring of protection from magic (right hand)
Wands
 e - a wand of paralysis (18/24)
 g - a wand of flame (17/48)
 t - a wand of lightning (5/15)
 x - a wand of iceblast (9/15)
 z - a wand of random effects (23/48)
 F - a wand of flame (22/48)
 S - a wand of confusion (18/48)
 T - a wand of iceblast (7/15)
 W - a wand of flame (6/48)
Scrolls
 d - 7 scrolls of remove curse
 h - 7 scrolls of enchant armour
 y - 3 scrolls of fear
 P - a scroll of recharging
 U - 2 scrolls of magic mapping
Potions
 l - a potion of invisibility
 s - a potion of cancellation
 u - 3 potions of flight
 v - 12 potions of curing
 B - a potion of agility
 C - 2 potions of resistance
 D - 3 potions of haste
 G - 4 potions of berserk rage
 N - 2 potions of might
Miscellaneous
 q - a sack of spiders
 I - a box of beasts
 O - a lamp of fire
Comestibles
 c - 9 bread rations
 n - 4 chunks of flesh
 w - 6 meat rations
 E - 30 royal jellies
 H - 3 fruits


   Skills:
 + Level 12.1 Fighting
 * Level 17.0 Axes
 + Level 11.9 Crossbows
 + Level 12.5 Armour
 + Level 8.4 Dodging
 - Level 7.9 Evocations


You had 14 spell levels left.
You didn't know any spells.

Dungeon Overview and Level Annotations

Branches:
Dungeon (12/15)            Temple (0/1) D:6            Lair (6/6) D:10
 Shoals (0/4) Lair:2       Spider (0/4) Lair:4        Slime (0/5) Lair:6
    Orc (2/2) D:10
    Elf: Orc:2

Altars:
Cheibriados
Dithmenos
Kikubaaqudgha
Okawaru
Qazlal
Sif Muna
Uskayaw

Shops:
D:10 (}([   D:11 =

Annotations:
Lair:5 exclusion: oklob plant


Message History

You barely miss the ettin.
The ettin is heavily wounded.
The ettin misses you. The ettin barely misses you.
You hit the ettin but do no damage.
The ettin is heavily wounded.
The ettin hits you with a dire flail of crushing.
The ettin hits you with a dire flail!! The ettin barely misses you.
The ettin hits you with a dire flail!!
* * * LOW HITPOINT WARNING * * *
A red film seems to cover your vision as you go berserk!
You feel yourself moving faster!
You feel mighty!
You are feeling very hungry.
A warg comes into view.
The warg howls!
You hit the ettin but do no damage.
The ettin is heavily wounded.
The ettin hits you with a dire flail of crushing!!
* * * LOW HITPOINT WARNING * * *
x2 The ettin hits you with a dire flail!!
You die...

.### .#.###h
.....$.
.......
###.......
#.........
#<........
#C@...#..
#..$(....#..#
##.......# ##
##.....##
##....#
##..## #..
##.


You could see an ettin and a warg.

Vanquished Creatures
  Rupert (Lair:4)
  The ghost of Geoffrax the Severer, a journeyman DgGl (Lair:6)
  Snorg (Lair:4)
  Josephine (D:12)
  Harold (D:12)
  A death knight (D:12)
  Erica (Lair:2)
  A hydra (Lair:4)
  A two-headed ogre (D:11)
  12 death yaks
  Sonja (Lair:2)
  Nergalle (Lair:4)
  3 skeletal warriors (D:12)
  An unseen horror (D:11)
  A wizard (D:12)
  A necromancer (D:12)
  Pikel (D:8)
  A phantasmal warrior (D:12)
  2 orc knights (D:12)
  A manticore (D:11)
  A deep elf mage (D:12)
  Psyche (D:8)
  14 elephants
  A black mamba (Lair:5)
  An eye of devastation (Lair:6)
  15 spiny frogs
  7 komodo dragons
  2 rime drakes (Lair:6)
  A freezing wraith (D:12)
  A troll (D:12)
  4 polar bears (Lair:6)
  6 hornets
  4 slime creatures (D:12)
  14 blink frogs
  6 hippogriffs
  2 dream sheep (Lair:6)
  2 meliai zombies (D:12)
  18 spriggans
  4 flying skulls (D:12)
  4 shadows
  6 wyverns
  4 wraiths
  36 yaks
  4 basilisks
  A hungry ghost (D:11)
  2 soldier ants (D:11)
  5 swamp worms (Lair:6)
  14 water moccasins
  9 porcupines
  7 orc warriors
  3 ice beasts
  4 necrophages (D:12)
  5 black bears
  3 sky beasts
  4 boggarts (Lair:6)
  9 ogres
  An eye of draining (Lair:6)
  2 phantoms
  5 centaurs
  32 wolves
  11 crocodiles
  3 big kobolds
  18 bullfrogs
  3 scorpions
  17 wights
  15 killer bees
  2 electric eels (D:12)
  5 howler monkeys
  5 crimson imps
  6 bullfrog zombies (D:12)
  5 centaur zombies
  5 centaur skeletons
  5 hounds
  4 bullfrog skeletons
  8 orc priests
  7 jellies
  14 orc wizards
  7 iguanas
  6 worker ants
  A hell rat (D:10)
  2 ogre zombies (Ossuary)
  A hound zombie (D:5)
  A hound skeleton (D:4)
  7 mummies (Ossuary)
  11 adders
  2 river rats (D:10)
  2 shadow imps
  3 oozes
  4 adder zombies
  19 worms
  2 dart slugs
  4 leopard geckos
  44 orcs
  7 giant cockroaches
  11 goblins
  11 hobgoblins
  16 jackals
  17 kobolds
  8 quokkas
  8 bats
  10 frilled lizards
  6 goblin zombies (Ossuary)
  3 hobgoblin zombies (Ossuary)
  3 kobold zombies (Ossuary)
  A leopard gecko skeleton (D:7)
  A quokka skeleton (D:8)
  3 quokka zombies
  5 rats
  A rat zombie (Ossuary)
  4 fungi
  5 plants
667 creatures vanquished.

Vanquished Creatures (collateral kills)
  The ghost of Vi the Destroyer, a journeyman DEFE of Sif Muna (Lair:5)
  A death yak (Lair:4)
  A deep elf knight (D:11)
  A skeletal warrior (D:12)
  2 ugly things (D:12)
  A queen bee (Lair:3)
  A water elemental (D:12)
  A wraith (D:12)
  5 yaks (D:11)
  3 vampire mosquitoes (D:12)
  A necrophage (D:12)
  An orc warrior (D:12)
  A wyvern zombie (D:12)
  9 killer bees (Lair:3)
  3 wights (D:12)
  A jelly (D:12)
  An adder (D:12)
  An orc (D:12)
35 creatures vanquished.

Vanquished Creatures (others)
  A spiny frog (Lair:6)
  An adder (D:11)
  A bush (Lair:2)
  7 fungi
  6 plants (Lair:6)
  2 withered plants (D:12)
18 creatures vanquished.

Grand Total: 720 creatures vanquished

Notes
Turn   | Place    | Note
-------+----------+-------------------------------------------
     0 | D:1      | AlphabetPasta the Hill Orc Berserker began the quest for the Orb.
     0 | D:1      | Reached XP level 1. HP: 19/19 MP: 1/1
   104 | D:1      | Reached XP level 2. HP: 14/27 MP: 2/2
   612 | D:1      | Reached XP level 3. HP: 33/33 MP: 3/3
  1415 | D:2      | Reached ** piety under Trog
  1456 | D:2      | Reached XP level 4. HP: 34/40 MP: 4/4
  1915 | D:3      | Reached skill level 5 in Axes
  2026 | D:3      | Reached XP level 5. HP: 46/47 MP: 5/5
  2067 | D:3      | Found a snail-covered altar of Cheibriados.
  2117 | D:3      | Reached skill level 1 in Crossbows
  2752 | D:3      | Reached XP level 6. HP: 53/53 MP: 6/6
  2786 | D:3      | Found a shadowy altar of Dithmenos.
  2968 | D:4      | Reached skill level 6 in Axes
  2973 | D:4      | Reached *** piety under Trog
  3211 | D:4      | Reached XP level 7. HP: 39/60 MP: 7/7
  3265 | D:4      | Reached skill level 5 in Fighting
  3649 | D:5      | Entered Level 5 of the Dungeon
  3782 | D:5      | Reached skill level 1 in Evocations
  3871 | D:5      | Reached skill level 7 in Axes
  3907 | D:5      | Reached XP level 8. HP: 63/68 MP: 8/8
  4031 | D:5      | Reached **** piety under Trog
  4224 | D:5      | Received a gift from Trog
  4691 | D:5      | Found a deep blue altar of Sif Muna.
  4819 | D:6      | Found a stormy altar of Qazlal.
  4821 | D:6      | Found an iron altar of Okawaru.
  4829 | D:6      | Reached skill level 8 in Axes
  4831 | D:6      | Found an ancient bone altar of Kikubaaqudgha.
  4923 | D:6      | Found a staircase to the Ecumenical Temple.
  4984 | D:6      | You fall through a shaft!
  4990 | D:7      | Found a hide-covered altar of Uskayaw.
  4990 | D:7      | Noticed a dagger
  4991 | D:7      | Noticed a dagger
  5127 | D:7      | Found a sand-covered staircase.
  5134 | Ossuary  | Entered an ossuary
  5314 | Ossuary  | Reached XP level 9. HP: 74/75 MP: 11/11
  5475 | Ossuary  | Reached skill level 5 in Crossbows
  6569 | D:6      | Reached skill level 9 in Axes
  7113 | D:8      | Reached skill level 5 in Armour
  7168 | D:8      | Noticed Pikel
  7192 | D:8      | Killed Pikel
  7256 | D:8      | Reached ***** piety under Trog
  7402 | D:8      | Noticed Psyche
  7414 | D:8      | Killed Psyche
  7414 | D:8      | Reached XP level 10. HP: 80/86 MP: 11/13
  7441 | D:8      | Reached skill level 10 in Axes
  8774 | D:10     | Entered Level 10 of the Dungeon
  8774 | D:10     | Found Luam's Weapon Boutique.
  8987 | D:10     | Found Meerph's Gadget Shoppe.
  9040 | D:10     | Found a staircase to the Lair.
  9042 | D:10     | Noticed a death yak
  9042 | D:10     | Noticed a death yak
  9075 | D:10     | Killed a death yak
  9075 | D:10     | Reached skill level 5 in Dodging
  9371 | D:10     | Reached skill level 5 in Evocations
  9523 | D:10     | Noticed a death yak
  9523 | D:10     | Received a gift from Trog
  9549 | D:10     | Killed a death yak
  9549 | D:10     | Reached skill level 11 in Axes
  9549 | D:10     | Reached XP level 11. HP: 79/94 MP: 14/14
  9604 | D:10     | Found Natsutiw's Armour Shoppe.
  9677 | D:10     | Killed a death yak
  9766 | D:10     | Found a staircase to the Orcish Mines.
  9815 | D:10     | Found Xuluv's Antique Weapon Shoppe.
 10256 | D:11     | Killed an unseen horror
 10825 | D:11     | Noticed a manticore
 10850 | D:11     | Noticed a two-headed ogre
 10865 | D:11     | Killed a two-headed ogre
 10870 | D:11     | Killed a manticore
 10912 | D:11     | Received a gift from Trog
 11187 | D:11     | Found Nozulo's Jewellery Emporium.
 11197 | D:11     | Bought a cursed ring of teleportation for 45 gold pieces
 11197 | D:11     | Bought a cursed amulet of inaccuracy for 20 gold pieces
 11197 | D:11     | Upgraded the game from 0.20-a0-809-gaf7f668 to 0.20-a0-813-g9dd3d4c
 11197 | D:11     | Bought an uncursed amulet of regeneration for 300 gold pieces
 11244 | D:11     | Paralysed by a hornet for 2 turns
 11248 | D:11     | Reached skill level 12 in Axes
 11431 | D:12     | Noticed an enchanted great sword
 11431 | D:12     | Noticed an orc knight
 11431 | D:12     | Noticed a wizard
 11515 | D:12     | Noticed a necromancer
 11515 | D:12     | Noticed Josephine
 11569 | D:12     | Killed a necromancer
 11569 | D:12     | Reached XP level 12. HP: 103/103 MP: 16/16
 11724 | D:12     | Killed Josephine
 11796 | D:12     | Received a gift from Trog
 12162 | D:12     | Noticed a death knight
 12180 | D:12     | Killed a death knight
 12470 | D:12     | Reached skill level 13 in Axes
 12495 | D:12     | Noticed Harold
 12509 | D:12     | Killed Harold
 12510 | D:12     | Noticed a deep elf knight
 12756 | D:11     | Killed a deep elf knight
 12842 | D:12     | Reached skill level 10 in Crossbows
 12847 | D:12     | Reached skill level 10 in Armour
 12847 | D:12     | Reached XP level 13. HP: 113/113 MP: 18/18
 13082 | D:12     | Reached skill level 10 in Fighting
 13594 | Lair:1   | Entered Level 1 of the Lair of Beasts
 13703 | Lair:1   | Received a gift from Trog
 14741 | Lair:2   | Found a staircase to the Shoals.
 14753 | Lair:2   | Received a gift from Trog
 14753 | Lair:2   | Reached skill level 14 in Axes
 14862 | Lair:2   | Noticed Sonja
 14872 | Lair:2   | Killed Sonja
 15065 | Lair:2   | Noticed Erica
 15091 | Lair:2   | Killed Erica
 15609 | Lair:3   | Received a gift from Trog
 15681 | Lair:3   | Received a gift from Trog
 16459 | Lair:4   | Found a hole to the Spider Nest.
 16459 | Lair:4   | Noticed Rupert
 16461 | Lair:4   | Paralysed by Rupert for 4 turns
 16607 | Lair:4   | Reached XP level 14. HP: 122/122 MP: 19/19
 16678 | Lair:4   | Noticed Nergalle
 16683 | Lair:4   | Killed Nergalle
 16730 | Lair:4   | Killed Rupert
 16730 | Lair:4   | Reached skill level 15 in Axes
 16785 | Lair:4   | Noticed Snorg
 16793 | Lair:4   | Killed Snorg
 16956 | Lair:4   | Received a gift from Trog
 17699 | Lair:4   | Upgraded the game from 0.20-a0-813-g9dd3d4c to 0.20-a0-817-gb58a58a
 17832 | Lair:5   | Noticed Vi's ghost (journeyman DEFE)
 17844 | Lair:5   | Killed Vi's ghost
 18549 | Lair:5   | Upgraded the game from 0.20-a0-817-gb58a58a to 0.20-a0-820-g557356e
 18550 | Lair:6   | Entered Level 6 of the Lair of Beasts
 18671 | Lair:6   | Found a staircase to the Slime Pits.
 18861 | Lair:6   | Reached skill level 16 in Axes
 18929 | Lair:6   | Paralysed by a hornet for 1 turns
 19114 | Lair:6   | Paralysed by a hornet for 2 turns
 19175 | Lair:6   | Noticed Geoffrax's ghost (journeyman DgGl)
 19196 | Lair:6   | Received a gift from Trog
 19318 | Lair:6   | Reached XP level 15. HP: 58/130 MP: 20/20
 19464 | Lair:6   | Received a gift from Trog
 19769 | Lair:6   | Received a gift from Trog
 19863 | Lair:6   | Killed Geoffrax's ghost
 19863 | Lair:6   | Reached skill level 17 in Axes
 20413 | Orc:1    | Entered Level 1 of the Orcish Mines
 20570 | Orc:2    | Entered Level 2 of the Orcish Mines
 20582 | Orc:2    | HP: 6/198 [ettin/dire flail of crushing (27)]
 20582 | Orc:2    | HP: 2/198 [ettin/dire flail of crushing (4)]
 20582 | Orc:2    | Demolished by an ettin

Vault maps used:
D:1:      sevenhm_arrival_forest_fort_large_1, minmay_pentomino_q2
D:2:      grunt_ministairs_2, hangedman_decor_riveting
D:3:      cheibriados_altar_1, lemuel_coloured_pillars_altar
D:4:      first_bread
D:5:      tgw_sif
D:6:      grunt_temple_overflow_open, temple_pool_b
D:7:      dancing_weapons_uskayaw, enter_bailey_2, nicolae_ossuary_entry_ruins
D:8:      uniq_pikel, uniq_psyche
D:9:      corexii_shack_village
D:10:     dpeg_lair_monsters, orc_0_dummy, serial_shops, nicolae_shop_trees,
          shop, shop, shop
D:11:     serial_shops, nicolae_shop_behind_doors, hangedman_pestilent_swarm
D:12:     hangedman_screamer, serial_undead, serial_undead_d, serial_undead_a,
          serial_undead_a, serial_undead_f, sword_in_stone, uniq_harold
Lair:2:   shoals_dummy_entry, uniq_sonja, uniq_erica
Lair:4:   dummy_spider_entry, uniq_snorg, uniq_rupert, uniq_nergalle
Lair:5:   minmay_lair_oklob_bushes, st_stairs_9, wad_woods_02
Lair:6:   minmay_lair_end_enchanted_forest, minmay_slime_entry_eyes,
          worms_lemuel, uniq_josephine
Orc:1:    nicolae_orc_accident_1, serial_shops, shop
Orc:2:    st_orc_rangers, serial_shops, shop, portal_ice_cave_entry_ice_beasts,
          nicolae_orc_stony_grotto, statue_in_the_mist_lemuel, abandoned_shop,
          minmay_orc_temple_a
Ossuary:  ossuary_boxes_badplayer

Skill      XL: |  1  2  3  4  5  6  7  8  9 10 11 12 13 14 15 |
---------------+----------------------------------------------+-----
Dodging        | 2 3 4 5 6 7 8 |  8.4
Fighting       | 4 5 7 8 9 10 11 12 | 12.1
Axes           | 5 6 7 8 9 11 12 13 14 16 17 | 17.0
Armour         | 3 4 5 7 8 10 11 12 | 12.5
Crossbows      | 1 2 3 4 6 7 8 10 11 | 11.9
Evocations     | 1 2 4 5 7 |  7.9

Action                   |  1- 3 |  4- 6 |  7- 9 | 10-12 | 13-15 || total
-------------------------+-------+-------+-------+-------+-------++-------
Melee: Hand axe          |    96 |   224 |   764 |   117 |       ||  1201
       War axe           |       |       |       |   239 |       ||   239
       Battleaxe         |       |       |       |   510 |   319 ||   829
       Broad axe         |       |       |       |     3 |     8 ||    11
       Executioner's axe |       |       |       |       |   489 ||   489
 Fire: Hand crossbow     |       |     5 |    39 |    48 |   223 ||   315
Invok: Berserk           |     2 |     2 |     6 |    14 |     9 ||    33
       Burn Spellbooks   |     1 |       |     1 |     1 |     2 ||     5
       Trog's Hand       |       |       |       |     2 |     2 ||     4
       Brothers in Arms  |       |       |       |     4 |     5 ||     9
Evoke: Wand              |       |       |     1 |     3 |     4 ||     8
  Use: Scroll            |     3 |     5 |     9 |     9 |    13 ||    39
       Potion            |       |       |       |    10 |     1 ||    11
 Stab: Invisible         |       |       |       |     3 |       ||     3
       Confused          |       |       |       |       |     3 ||     3
  Eat: Chunk             |     4 |     8 |    11 |    26 |    35 ||    84
       Bread ration      |       |       |     1 |       |       ||     1
       Royal jelly       |       |       |     1 |       |       ||     1
       Fruit             |       |       |     3 |     4 |     2 ||     9
       Meat ration       |       |       |       |     1 |       ||     1
Armor: Animal skin       |     9 |       |       |       |       ||     9
       Ring mail         |     9 |       |       |       |       ||     9
       Chain mail        |    16 |     4 |       |       |       ||    20
       Plate armour      |       |   117 |   433 |   518 |   672 ||  1740
Dodge: Dodged            |    50 |    54 |   208 |   414 |   596 ||  1322
